 Dungeon Crawl Stone Soup version 0.19.5 (webtiles) character file.

7 equalderp2856 the Caller (level 1, 0/7 HPs)
             Began as a Felid Summoner on Apr 1, 2017.
             Slain by a bat (1 damage)
             ... on level 1 of the Dungeon.
             The game lasted 00:00:55 (160 turns).

equalderp2856 the Caller (Felid Summoner)            Turns: 160, Time: 00:00:57

Health: 0/7        AC:  1    Str:  4    XL:     1   Next: 91%
Magic:  2/4        EV: 18    Int: 16    God:
Gold:   7          SH:  0    Dex: 16    Spells: 1 memorised, 3 levels left
                                        Lives:  0   Deaths: 0

rFire  . . .     SeeInvis +     (weapon unavailable)
rCold  . . .     Gourm    .     (armour unavailable)
rNeg   . . .     Faith    .     (shield unavailable)
rPois  .         Spirit   .     (helmet unavailable)
rElec  .         Reflect  .     (cloak unavailable)
rCorr  .         Harm     .     (gloves unavailable)
MR     .....                    (boots unavailable)
Stlth  +++.......               (no amulet)
                                (no ring)
                                (no ring)

@: quick
A: no armour, no weapons or thrown items, stealth, claws 1, fangs 3, see
invisible, carnivore 3, speed 1, shaggy fur 1, slow metabolism 1, sharp paws
a: no special abilities


You were on level 1 of the Dungeon.
You were not hungry.

You visited 1 branch of the dungeon, and saw 1 of its levels.

You collected 7 gold pieces.

Inventory:

Books
 a - a book of Callings

   Spells                             Type                      Level
   a - Summon Small Mammal            Summoning                    1
   b - Call Imp                       Summoning                    2
   c - Call Canine Familiar           Summoning                    3
   d - Summon Guardian Golem          Hexes/Summoning              3
   e - Summon Lightning Spire         Summoning/Air                4
   f - Summon Ice Beast               Ice/Summoning                4
Comestibles
 b - a meat ration


   Skills:
 + Level 3.0 Dodging
 + Level 2.9 Stealth
 + Level 0.2 Unarmed Combat
 + Level 2.1 Spellcasting
 - Level 4.1 Summonings


You had 3 spell levels left.
You knew the following spells:

 Your Spells              Type           Power        Failure   Level  Hunger
a - Summon Small Mammal   Summ           ##..         4%          1    #......


Dungeon Overview and Level Annotations

Branches:
Dungeon (1/15)

Altars:


Innate Abilities, Weirdness & Mutations

You cannot wear armour.
You are incapable of wielding weapons or throwing items.
Your paws allow you to move quietly. (Stealth)
You have sharp claws.
You have razor-sharp teeth.
You have supernaturally acute eyesight. (SInv)
You are carnivorous and can eat meat at any time.
You cover ground quickly.
You are covered in fur. (AC +1)
You have a slow metabolism.
Your sharp claws are effective at attacking unaware monsters.


Message History

The jackal barks!
A bat comes into view.
You swap places.
A leopard gecko comes into view.
The bat closely misses you. The gnoll hits your rat.
Your rat dies!
Your rat's corpse disappears in a puff of smoke!
Your quokka bites the gnoll.
The jackal bites you. The bat barely misses you. The bat closely misses you.
The jackal barely misses you.
Your quokka closely misses the gnoll.
The bat completely misses you. The jackal completely misses you.
Your quokka disappears in a puff of smoke!
The bat completely misses you. The bat hits you.
* * * LOW HITPOINT WARNING * * *
Casting: Summon Small Mammal
Confirm with . or Enter, or press ? or * to list all spells.
The bat hits you.
* * * LOW HITPOINT WARNING * * *
The bat hits you.
You die...

#...........#.##..##
#.......#...#.....#
#...........#.#†..#
.......g#...#...#
.......#..###..###
....g#.. #....# ....
#..# #..#.###
##.#...##g.§.§.####
......b@bhgr......#
.....#.##h..#######
... #..#...# #
#......# #(.#l#.#
#..#h#.# #. ..#.#
#....... .h..h..


You could see a gnoll, 2 jackals, a goblin, a bat, a friendly quokka and a
friendly bat.

Vanquished Creatures
  A dart slug (D:1)
  A goblin (D:1)
  A frilled lizard (D:1)
  A rat (D:1)
4 creatures vanquished.

Vanquished Creatures (collateral kills)
  A bat (D:1)
  A kobold (D:1)
  A rat (D:1)
3 creatures vanquished.

Grand Total: 7 creatures vanquished

Notes
Turn   | Place    | Note
-------+----------+-------------------------------------------
     0 | D:1      | equalderp2856 the Felid Summoner began the quest for the Orb.
     0 | D:1      | Reached XP level 1. HP: 7/7 MP: 4/4
   160 | D:1      | Slain by a bat

Skill      XL: |  1 |
---------------+----+-----
Dodging        | 3 |  3.0
Stealth        | |  2.9
Unarmed Combat | |  0.2
Spellcasting   | |  2.1
Summonings     | |  4.1

Action                   || total
-------------------------++-------
Melee: Unarmed           ||    12
 Cast: Summon Small Mamm ||     8
 Stab: Sleeping          ||     3
Armor: Skin              ||     1
Dodge: Dodged            ||    12
